 Dungeon Crawl Stone Soup version 0.30-a0-540-g0af01429fa (webtiles) character file.

Game seed: 582028191048327782

660 bande the Shield-Bearer (level 7, -3/44 HPs)
             Began as a Gargoyle Fighter on Dec 26, 2022.
             Killed from afar by an orc wizard (4 damage)
             ... with a puff of flame
             ... on level 5 of the Dungeon.
             The game lasted 00:05:17 (3944 turns).

bande the Shield-Bearer (Gargoyle Fighter)          Turns: 3944, Time: 00:05:18

Health: -3/44      AC: 14    Str: 20    XL:     7   Next: 56%
Magic:  7/7        EV:  7    Int:  8    God:
Gold:   198        SH: 11    Dex: 11    Spells: 6/6 levels left

rFire   . . .      SeeInvis .    a - +0 war axe
rCold   + . .      Faith    .    c - +1 buckler
rNeg    + . .      Spirit   .    t - +0 chain mail
rPois   ∞          Reflect  +    (no helmet)
rElec   +          Harm     .    (no cloak)
rCorr   .          Rampage  .    (no gloves)
Will    .....                    (no boots) Stlth
                                 h - amulet of reflection
HPRegen 0.27/turn                w - ring of protection from cold
MPRegen 0.10/turn                s - ring of flight

@: flying
A: sickness immunity, AC +4, negative energy resistance 1, electricity
resistance, torment resistance 1, petrification resistance
a: no special abilities


You were on level 5 of the Dungeon.
You visited 1 branch of the dungeon, and saw 5 of its levels.

You collected 198 gold pieces.

Inventory:

Hand Weapons
 a - a +0 war axe (weapon)
Armour
 c - a +1 buckler (worn)
 t - a +0 chain mail (worn)
Jewellery
 g - an amulet of faith
 h - an amulet of reflection (around neck)
 s - a ring of flight (right hand)
 u - a ring of see invisible
 w - a ring of protection from cold (left hand)
Wands
 b - a wand of roots (6)
Scrolls
 f - 4 scrolls of blinking
 j - 6 scrolls of identify
 l - a scroll of enchant armour
 r - a scroll of amnesia
Potions
 d - a potion of might
 i - a potion of degeneration {unknown}
 m - 2 potions of curing
 n - a potion of lignification {unknown}
 o - 2 potions of flight {unknown}
 p - a potion of cancellation {unknown}
 q - a potion of heal wounds {unknown}
 v - a potion of attraction {unknown}


   Skills:
 + Level 4.4 Fighting
 + Level 4.7 Axes
 + Level 4.7 Armour
 + Level 5.1 Shields
 * Level 2.3 Evocations


You had 6 spell levels left.
You didn't know any spells.
Your spell library contained the following spells:

 Spells                   Type           Power      Damage    Failure   Level
 Apportation              Tloc           0%         N/A       99%         1
 Magic Dart               Conj           0%         1d3       99%         1
 Summon Small Mammal      Summ           0%         N/A       99%         1
 Call Imp                 Summ           0%         N/A       100%        2
 Call Canine Familiar     Summ           0%         N/A       100%        3
 Mephitic Cloud           Conj/Pois/Air  0%         N/A       100%        3
 Summon Guardian Golem    Hex/Summ       0%         N/A       100%        3
 Alistair's Intoxication  Tmut/Pois      0%         N/A       100%        5


Dungeon Overview and Level Annotations

Branches:
Dungeon (5/15)
 Temple: D:4-7

Altars:
Ru
Vehumet
Yredelemnul

Shops:
D:2 =


Innate Abilities, Weirdness & Mutations

You are immune to sickness and miasma.
Your stone body is resilient. (AC +4)
You are immune to poison.
You resist negative energy. (rN+)
You are resistant to electric shocks. (rElec)
You are resistant to unholy torment.
You are immune to petrification.


Message History

The orc priest hits you but does no damage.
Something hits you but does no damage. The orc hits you with a +0 dagger.
You hear some strange, mumbled words.
A puff of flame appears from out of thin air!
The puff of flame hits you but does no damage.
The orc hits you but does no damage. The orc priest hits you with a +0 mace.
Something completely misses you. Something hits you but does no damage.
The orc priest hits you but does no damage.
Something hits you but does no damage. The orc hits you but does no damage.
You miss the orc. You completely miss something.
You barely miss the orc priest. You hit something but do no damage.
Something hits you but does no damage. The orc priest hits you with a +0 mace.
The orc completely misses you. Something hits you but does no damage.
You barely miss the orc priest. You hit the orc. You completely miss something.
You closely miss something.
The orc priest invokes the aid of Beogh against you.
Beogh smites you!
* * * LOW HITPOINT WARNING * * *
A sky beast appears from thin air!
Reactivating autopickup.
The sky beast hits you.
* * * LOW HITPOINT WARNING * * *
The sky beast shocks you. You resist.
* * * LOW HITPOINT WARNING * * *
The orc hits you but does no damage. Something hits you but does no damage.
Deactivating autopickup; reactivate with Ctrl-A.
The orc priest attacks as you move away!
The orc priest hits you but does no damage.
The sky beast hits you but does no damage.
The scorpion stings you.
* * * LOW HITPOINT WARNING * * *
You barely miss something. You closely miss the orc priest.
You barely miss the orc. You miss the sky beast. You closely miss the scorpion.
You feel less confused.
The orc priest calls down the wrath of Beogh upon you.
You struggle to resist.
The sky beast barely misses you.
You hear some strange, mumbled words.
A puff of flame appears from out of thin air!
The puff of flame hits you.
You die...

*,,,,,,* ##*,,******* *,,* *
****,,,* #.,,** *,,* **
**#.**#.*** **,,***,
#.**,.##### *,,,**,,
#..,,#....# **,*,**,*
##..*#.†..# *,,*,*,,*
*#...##....# *,*,,,,**
*.....#....######.,,,***
*,**#..{@Y........,*,****
**,,*###oos?.......,,,,,,,
***,,,* #.l..####...,******
**,,,,,***#....#,,,,,*,* **
*,,**,,,,*#....#,,,,,*,** **,
***,*****,,..........,**,,* *,,
*,,,,,,**,.#.........***,,*****
*,,,,,,,,.,..........#**,,,****
*,,,,,,,,,..###.......,,,,,,,>,


You could see a sky beast, a scorpion, an iguana, an orc priest and an orc.

Vanquished Creatures
  A water moccasin (D:4)
  An ogre (D:5)
  2 scorpions
  4 hounds
  An orc priest (D:4)
  An orc wizard (D:4)
  11 adders
  3 ufetubi
  A worm (D:2)
  A dart slug (D:2)
  2 orcs (D:4)
  6 endoplasms
  5 giant cockroaches
  5 goblins
  A hobgoblin (D:4)
  2 jackals (D:2)
  5 quokkas
  10 ball pythons
  4 bats
  3 frilled lizards
  7 kobolds
  3 rats
79 creatures vanquished.

Notes
Turn   | Place    | Note
-------+----------+-------------------------------------------
     0 | D:1      | bande the Gargoyle Fighter began the quest for the Orb.
     0 | D:1      | Reached XP level 1. HP: 14/14 MP: 1/1
   134 | D:1      | Reached XP level 2. HP: 9/19 MP: 2/2
   325 | D:1      | Found a faded altar of an unknown god.
   911 | D:2      | Reached XP level 3. HP: 24/24 MP: 3/3
  1024 | D:2      | Reached XP level 4. HP: 27/29 MP: 4/4
  1070 | D:2      | Found Qiwotufa's Jewellery Shoppe.
  1827 | D:3      | Reached skill level 4 in Shields
  1865 | D:3      | Reached XP level 5. HP: 33/33 MP: 5/5
  2706 | D:4      | Reached skill level 1 in Evocations
  2706 | D:4      | Reached XP level 6. HP: 32/38 MP: 6/6
  2796 | D:4      | Found a basalt altar of Yredelemnul.
  2830 | D:4      | Noticed a water moccasin
  2847 | D:4      | Killed a water moccasin
  3045 | D:4      | Identified the +0 ring mail of Onarad {rF+}
  3211 | D:4      | Found a sacrificial altar of Ru.
  3294 | D:4      | Found a radiant altar of Vehumet.
  3425 | D:5      | Entered Level 5 of the Dungeon
  3447 | D:5      | Reached XP level 7. HP: 39/43 MP: 7/7
  3472 | D:5      | Reached skill level 5 in Shields
  3943 | D:5      | HP: 1/44 [scorpion (3)]
  3944 | D:5      | Killed from afar by an orc wizard

Illustrated notes

Levels and vault maps discovered:
D:1:      lightli_arrival_maybe_door_vault, layout_loops_ring,
          ebering_ecumenical_altar_webs, roderic_malta_cross,
          nrook_mini_backslash, minmay_misc_feat_columns
D:2:      layout_loops_ring, serial_shops, shop_statue
D:3:      layout_rooms, nrook_mini_vaults, grunt_decor_junction
D:4:      layout_cave_pods, nicolae_ru_path_of_blood,
          mainiacjoe_overflow_big_doors
D:5:      layout_rooms, nzn_wu_jian_council_hall

Skill      XL: |  1  2  3  4  5  6  7 |
---------------+----------------------+-----
Axes           | 2 3 4 |  4.7
Shields        | 4 5 |  5.1
Armour         | 4 |  4.7
Fighting       | 4 |  4.4
Evocations     | 1 2 |  2.3

Action                   |  1- 3 |  4- 6 |  7- 9 || total
-------------------------+-------+-------+-------++-------
Melee: War axe           |    86 |   228 |    39 ||   353
  Use: Scroll            |       |       |     9 ||     9
Armor: Scale mail        |    54 |    40 |       ||    94
       Chain mail        |       |    90 |    39 ||   129
Dodge: Dodged            |    35 |    75 |    17 ||   127
Block: Buckler           |    29 |   145 |    25 ||   199
       Reflection        |       |     2 |       ||     2

Table legend: (Time is in decaauts)
 A = Elapsed time spent in this place.
 B = Non-inter-level travel time spent in this place.
 C = Inter-level travel time spent in this place.
 D = Time resting spent in this place.
 E = Time spent auto-exploring this place.
 F = Levels seen in this place.
 G = Mean time per level.
                   A        B        C        D        E       F      G
               +--------+--------+--------+--------+--------+-----+--------+
         Total |   4073 |   3889 |    184 |    857 |   2239 |   5 |  814.6 |
       Dungeon |   4073 |   3889 |    184 |    857 |   2239 |   5 |  814.6 |
               +--------+--------+--------+--------+--------+-----+--------+

Top non-repeatable levels by time:
     D:4: 1206 daAuts
     D:1: 889 daAuts
     D:2: 851 daAuts
     D:3: 589 daAuts
     D:5: 536 daAuts
